 Dungeon Crawl Stone Soup version 0.25-a0-589-g1e14c549ee (webtiles) character file.

Game seed: 10004134658727819183, levelgen mode: deterministic

58 Forecaster the Magician (level 4, -4/36 HPs)
             Began as a Naga Wizard on Mar 9, 2020.
             Slain by a kobold
             ... wielding a +0 whip of electrocution
              (9 damage)
             ... on level 2 of the Dungeon.
             The game lasted 00:07:49 (2748 turns).

Forecaster the Magician (Naga Wizard)               Turns: 2748, Time: 00:07:49

Health: -4/36      AC:  2    Str: 11    XL:     4   Next: 1%
Magic:  7/9        EV:  9    Int: 18    God:
Gold:   120        SH:  0    Dex:  9    Spells: 5/10 levels left

rFire    . . .     SeeInvis +   o - +0 dagger
rCold    . . .     Gourm    .   (no shield)
rNeg     . . .     Faith    .   j - +0 leather armour
rPois    +         Spirit   .   b - +0 hat
rElec    .         Reflect  .   (no cloak)
rCorr    .         Harm     .   (no gloves)
MR       .....                  (no barding)
Stlth    ++........             g - amulet of inaccuracy (curse)
HPRegen  0.12/turn              (no ring)
MPRegen  0.11/turn              (no ring)

@: very slow
A: large, see invisible, deformed body, poison resistance, slowness 2, slow
metabolism 1, spit poison 1, AC +1
a: Spit Poison


You were on level 2 of the Dungeon.
You were hungry.

You visited 1 branch of the dungeon, and saw 2 of its levels.

You collected 120 gold pieces.

Inventory:

Hand Weapons
 e - a +0 short sword
 o - a +0 dagger (weapon)
Missiles
 c - 17 arrows
 f - 7 poisoned darts (quivered)
 k - 55 stones
Armour
 a - a +0 robe
 b - a +0 hat (worn)
 j - a +0 leather armour (worn)
Jewellery
 g - a cursed amulet of inaccuracy (around neck)
Wands
 p - a wand of disintegration (10)
Scrolls
 h - a scroll of enchant armour
 m - a scroll of identify
 n - a scroll of teleportation {unknown}
 s - a scroll of magic mapping {unknown}
 t - a scroll of fear {unknown}
 u - a scroll of amnesia {unknown}
Potions
 i - a potion of haste {unknown}
 l - 2 potions of degeneration {unknown}
 q - a potion of brilliance {unknown}
Comestibles
 d - 3 rations


   Skills:
 + Level 0.2 Fighting
 + Level 0.5 Short Blades
 + Level 0.8 Armour
 + Level 1.8 Dodging
 + Level 3.1 Stealth
 + Level 3.7 Spellcasting
 + Level 1.1 Conjurations
 + Level 1.5 Summonings
 + Level 1.0 Translocations


You had 5 spell levels left.
You knew the following spells:

 Your Spells              Type           Power        Failure   Level  Hunger
a - Magic Dart            Conj           #...         12%         1    None
b - Call Imp              Summ           #.......     16%         2    ##.....
c - Blink                 Tloc           N/A          21%         2    ##.....

Your spell library contained the following spells:

 Spells                   Type           Power        Failure   Level  Hunger
 Slow                     Hex            #.......     30%         2    ##.....
 Conjure Flame            Conj/Fire      #.......     43%         3    ###....
 Mephitic Cloud           Conj/Pois/Air  #.......     45%         3    ###....


Dungeon Overview and Level Annotations

Branches:
Dungeon (2/15)

Altars:
Ashenzari


Innate Abilities, Weirdness & Mutations

You cannot wear boots.
Your serpentine skin is tough. (AC +1)
You have supernaturally acute eyesight. (SInv)
Armour fits poorly on your strangely shaped body.
Your system is resistant to poisons. (rPois)
You cover ground very slowly.
You have a slow metabolism.
You can spit poison.


Message History

A kobold comes into view.
It is wielding a +0 whip of electrocution.
Your white imp gestures at the leopard gecko.
The puff of frost hits the leopard gecko!
The leopard gecko dies!
You have reached level 4!
You feel stronger.
You hit the kobold but do no damage. The kobold barely misses you.
You are feeling hungry.
You miss the kobold.
The kobold hits you with a +0 whip of electrocution.
You are electrocuted!
You closely miss the kobold. The kobold hits you but does no damage.
You are electrocuted!
* * * LOW HITPOINT WARNING * * *
Your white imp misses the kobold.
The kobold barely misses you.
You barely miss the kobold.
Your white imp misses the kobold.
The kobold hits you with a +0 whip of electrocution.
* * * LOW HITPOINT WARNING * * *
You are electrocuted!
You die...

......................>#
.###.....#.#...[.#####.#
.# #.....#.##....# .#
#.....#.##.#..# .#
#.....#.......# ##
#.....#######.# #######
#.# ####.#####.##
#...@5......# ###
#.###K####.. ... + #.#
... #.? ... ##.# ... $.
... #.# ... .. ... ...


You could see a kobold and a friendly white imp.

Vanquished Creatures
  A dart slug (D:1)
  2 leopard geckos (D:1)
  A giant cockroach (D:1)
  4 goblins (D:1)
  2 hobgoblins
  4 bats
  A frilled lizard (D:1)
  A kobold (D:1)
  7 rats (D:1)
23 creatures vanquished.

Vanquished Creatures (collateral kills)
  Robin (D:2)
  An adder (D:2)
  A worm (D:2)
  A leopard gecko (D:2)
  A giant cockroach (D:1)
  9 goblins
  6 hobgoblins (D:2)
  A quokka (D:2)
  2 kobolds
  2 rats (D:2)
25 creatures vanquished.

Grand Total: 48 creatures vanquished

Notes
Turn   | Place    | Note
-------+----------+-------------------------------------------
     0 | D:1      | Forecaster the Naga Wizard began the quest for the Orb.
     0 | D:1      | Reached XP level 1. HP: 15/15 MP: 4/4
   406 | D:1      | Reached XP level 2. HP: 22/22 MP: 1/6
   410 | D:1      | Learned a level 2 spell: Call Imp
   413 | D:1      | Learned a level 2 spell: Blink
  1088 | D:1      | Found a shattered altar of Ashenzari.
  1674 | D:1      | Reached XP level 3. HP: 28/28 MP: 5/8
  2020 | D:2      | Noticed Robin
  2046 | D:2      | Killed Robin
  2741 | D:2      | Reached XP level 4. HP: 36/36 MP: 6/9
  2748 | D:2      | Slain by a kobold

Levels and vault maps discovered:
D:1:      tarquinn_simple_flora_water_c, layout_basic, ashenzari_altar_1
D:2:      layout_basic, kennysheep_generic_room_11, uniq_crazy_yiuf_cottage,
          uniq_robin

Action                   |  1- 3 |  4- 6 || total
-------------------------+-------+-------++-------
Melee: Short sword       |    60 |       ||    60
       Dagger            |    48 |     4 ||    52
 Cast: Magic Dart        |    38 |       ||    38
       Call Imp          |    18 |       ||    18
  Use: Scroll            |     1 |       ||     1
  Eat: Chunk             |     4 |       ||     4
Armor: Robe              |     5 |       ||     5
       Leather armour    |    22 |       ||    22
Dodge: Dodged            |    62 |     2 ||    64

Table legend:
 A = Non-vault XP
 B = Vault XP
 C = Vault XP percentage of total XP
 D = Non-vault monster count
 E = Vault monster count
 F = Vault count percentage of total count
                 A         B        C        D         E       F
            +---------+---------+-------+---------+---------+-------
      Total |      63 |      20 |  24.1 |      36 |      12 |  25.0
            +---------+---------+-------+---------+---------+-------
        D:1 |      39 |       0 |   0.0 |      24 |       0 |   0.0
        D:2 |      24 |      20 |  45.5 |      12 |      12 |  50.0
            +---------+---------+-------+---------+---------+-------
